AoeStats
← postavič

Nomad

509894613Analyzed
4v4 RM · 5d ago on Sep 28, 2026· 62m 51s· 8 players
Game mode
Random Map
Map size
231×231
Population
200
Speed
Normal
Resources
Standard
Victory
Conquest
Starting age
Dark Age
Ending age
Imperial Age
RankedLock teamsTeams togetherTeam positionsShared explorationLock speedFull tech treeHidden civsTurbo modeCheats
Victory
Defeat
🇨🇿 Japanese · Czechia
1874
+9
🇨🇿 Spanish · Czechia
1728
+14
🇨🇿 Turks · Czechia
1611
+19
🇨🇿 Inca · Czechia
1574
+21
🇨🇳 Bengalis · China
1700
-16
🇻🇳 Maya · Vietnam
1687
-16
🇨🇿 Danes · Czechia
1686
-16
🇨🇳 Bulgarians · China
1677
-15
月月
4:04 Loom
4:49 Loom
14:13 Feudal Age
14:57 Double-Bit Axe
15:35 Fishing Lines
18:23 Castle Age
17:26 Stone Mining
19:21 Bow Saw
21:01 Wheelbarrow
20:19 Gold Mining
20:27 Gillnets
22:02 Gold Shaft Mining
21:31 Town Watch
22:59 Stone Shaft Mining
23:14 Scale Barding Armor
23:20 Forging
23:00 Horse Collar
24:47 Iron Casting
26:14 Bloodlines
29:21 Chain Barding Armor
30:07 Husbandry
32:11 Fletching
36:40 Imperial Age
34:30 Bodkin Arrow
35:20 Scale Mail Armor
35:27 Gambesons
36:01 Chain Mail Armor
35:47 Squires
38:06 Plate Mail Armor
38:37 Blast Furnace
38:26 Conscription
38:04 Stirrups
37:32 Light Cavalry
39:26 Plate Barding Armor
40:00 Hand Cart
39:49 Hussar
40:53 Onager
42:23 Siege Onager
51:42 Bracer
51:44 Padded Archer Armor
51:21 Heavy Scorpion
53:58 Siege Engineers
55:01 Leather Archer Armor
57:15 Town Patrol
57:13 Capped Ram
60:46 Chemistry
团团团子
9:14 Loom
14:01 Feudal Age
14:57 Double-Bit Axe
14:56 Fishing Lines
18:15 Wheelbarrow
23:20 Castle Age
21:24 Stone Mining
25:47 Bow Saw
28:17 Medium Warships
27:58 Gillnets
33:22 Scale Barding Armor
34:05 Chain Barding Armor
37:46 Town Watch
38:25 Fletching
39:25 Paiks
39:57 Bodkin Arrow
40:20 Bloodlines
41:43 Padded Archer Armor
42:53 Husbandry
43:19 Ballistics
46:25 Horse Collar
47:31 Leather Archer Armor
51:53 Imperial Age
49:48 Gold Mining
52:58 Conscription
53:41 Chemistry
52:58 Bracer
55:10 Ring Archer Armor
54:23 Elite Ratha (Ranged)
55:25 Forging
58:13 Hand Cart
58:55 Iron Casting
60:23 Blast Furnace
ZiZi
4:31 Loom
12:13 Feudal Age
17:30 Castle Age
16:53 Horse Collar
17:04 Gold Mining
17:03 Double-Bit Axe
17:11 Gold Mining
17:14 Stone Mining
19:15 Bow Saw
19:24 Horse Collar
19:35 Fishing Lines
21:00 Wheelbarrow
23:23 Fletching
24:38 Bodkin Arrow
24:43 Town Watch
25:32 Padded Archer Armor
33:30 Imperial Age
32:40 Leather Archer Armor
34:18 Bracer
34:43 Ballistics
37:14 Ring Archer Armor
37:59 Chemistry
40:09 Conscription
39:43 Elite Plumed Archer
40:45 Conscription
41:31 Gold Mining
42:17 Stone Shaft Mining
45:52 Scale Mail Armor
46:03 Forging
45:56 Pikeman
46:36 Squires
47:25 Hand Cart
48:19 Thumb Ring
48:22 Halberdier
50:38 Murder Holes
51:30 Chain Mail Armor
52:46 Eagle Warrior
57:28 Plate Mail Armor
59:16 Holcans
59:26 Iron Casting
58:19 Elite Eagle Warrior
Rank
9:55 Loom
13:09 Feudal Age
18:41 Castle Age
16:37 Fletching
17:22 Double-Bit Axe
17:30 Stone Mining
33:51 Scale Mail Armor
38:56 Chain Mail Armor
40:32 Wheelbarrow
46:00 Gold Mining
46:26 Horse Collar
46:59 Bow Saw
50:01 Imperial Age
50:18 Heavy Plow
51:46 Chemistry
51:08 Conscription
50:13 Onager
50:53 Capped Ram
51:56 Siege Ram
54:27 Northmen's Fury
57:21 Murder Holes
56:49 Siege Onager
57:37 Siege Engineers
57:55 Bodkin Arrow
59:18 Heavy Scorpion
61:04 Ballistics
postavič
12:18 Feudal Age
13:37 Double-Bit Axe
16:04 Castle Age
15:22 Fishing Lines
19:40 Medium Warships
20:19 Bow Saw
21:31 Loom
23:00 Horse Collar
23:49 Stone Mining
26:41 Scale Mail Armor
26:51 Forging
29:11 Chain Mail Armor
29:32 Iron Casting
30:16 Gold Mining
30:26 Heavy Plow
32:21 Wheelbarrow
33:04 Iron Casting
32:25 Fletching
37:47 Imperial Age
37:49 Squires
37:35 Arson
38:43 Elite Kamayuk
39:57 Plate Mail Armor
40:28 Blast Furnace
40:51 Blast Furnace
40:17 Bodkin Arrow
41:46 Conscription
44:47 Ballistics
44:36 Champi Runner
46:00 Crop Rotation
47:34 Fabric Shields
48:19 Bracer
49:21 Padded Archer Armor
50:23 Chemistry
48:59 Elite Skirmisher
51:21 Gold Shaft Mining
51:21 Stone Shaft Mining
51:19 Leather Archer Armor
51:54 Thumb Ring
Tarbiczek
5:53 Loom
14:14 Feudal Age
14:57 Double-Bit Axe
14:54 Fishing Lines
23:54 Castle Age
24:56 Bow Saw
24:38 Gillnets
31:49 Horse Collar
42:11 Wheelbarrow
41:21 Town Watch
46:13 Hand Cart
47:25 Heavy Plow
52:23 Imperial Age
51:09 Scale Mail Armor
51:19 Forging
50:58 Pikeman
51:38 Squires
51:55 Yasama
51:55 Fletching
51:47 Treadmill Crane
52:24 Guard Tower
52:55 Ballistics
53:03 Chain Mail Armor
53:23 Iron Casting
53:21 Bodkin Arrow
53:48 Ballistics
54:28 Chemistry
53:30 Gold Mining
53:31 Stone Mining
53:30 Capped Ram
54:27 Arrowslits
55:21 Keep
54:31 Arrowslits
54:39 Halberdier
56:04 Plate Mail Armor
56:19 Keep
56:16 Stone Mining
56:43 Bracer
59:38 Gold Shaft Mining
59:27 Conscription
61:39 Murder Holes
61:31 Arrowslits
61:58 Masonry
alesh
8:38 Loom
13:50 Feudal Age
17:19 Castle Age
15:56 Double-Bit Axe
16:49 Horse Collar
19:11 Bow Saw
20:50 Town Watch
25:21 Padded Archer Armor
28:04 Wheelbarrow
30:09 Leather Archer Armor
31:14 Heavy Plow
32:09 Husbandry
32:19 Bloodlines
36:44 Imperial Age
35:38 Fletching
35:49 Gold Mining
35:50 Stone Mining
38:27 Stone Shaft Mining
38:47 Conscription
39:08 Ring Archer Armor
38:34 Bodkin Arrow
38:45 Scale Barding Armor
38:50 Forging
39:45 Two-Man Saw
39:17 Hand Cart
39:44 Elite Conquistador
41:39 Chemistry
40:59 Ballistics
42:04 Supremacy
42:54 Ballistics
42:33 Cavalier
43:35 Chain Barding Armor
43:17 Bracer
44:18 Paladin
47:00 Chain Barding Armor
47:16 Iron Casting
48:34 Plate Barding Armor
48:37 Iron Casting
53:57 Inquisition
55:46 Bombard Tower
55:37 Masonry
59:06 Sappers
60:12 Hoardings
60:09 Architecture
61:07 Light Cavalry
62:06 Guilds
61:45 Hussar
Bedrich
5:35 Loom
12:43 Feudal Age
16:31 Castle Age
14:50 Double-Bit Axe
23:02 Horse Collar
28:04 Padded Archer Armor
32:47 Leather Archer Armor
38:51 Imperial Age
56:00 Wheelbarrow
56:48 Conscription
57:01 Bow Saw
Connection lost

Rejoining the realm…

Still unreachable

The connection could not be restored.

Session expired

The server has moved on; the page needs a fresh start.